Map: Romanticide LE

Players

SpeCial - Winner!

  • Race: Terran Terran
  • League: Master

HAS

  • Race: Protoss Protoss

Event: TSL 7

VOD

Have the link to the VOD?

Description

Time

  • Played on: June 13, 2021, 11:36 a.m.
  • Length: 11:57

All games in this series

Show
View Real Time Build Order
Export as new Build Order

SpeCial Terran - Winner!

Build Orders: Banshee Rush 

Get SALT Encoding   

  12  0:00  SCV  
  13  0:12  SCV  
  14  0:17  Supply Depot  
  14  0:24  SCV  
  15  0:39  SCV  
  15  0:40  Barracks  
  16  0:44  Refinery  
  16  0:51  SCV  
  17  1:03  SCV  
  18  1:15  SCV  
  19  1:28  Orbital Command, Marine  
  20  1:40  Command Center  
  20  1:47  Reaper  
  21  1:56  SCV, Supply Depot  
  22  2:08  SCV  
  23  2:11  Factory  
  23  2:20  SCV  
  24  2:22  Barracks Reactor  
  24  2:23  Bunker  
  24  2:28  Refinery  
  24  2:32  SCV  
  25  2:44  SCV  
  26  2:53  Orbital Command  
  26  2:56  SCV  
  27  2:58  Starport  
  27  3:03  Marine x2  
  30  3:06  Hellion  
  30  3:08  SCV  
  31  3:19  SCV  
  32  3:21  Marine x2  
  32  3:26  SCV  
  35  3:30  Factory Tech Lab  
  35  3:31  SCV  
  36  3:35  Supply Depot  
  36  3:38  SCV  
  36  3:40  Marine x2  
  39  3:44  SCV  
  40  3:50  SCV  
  41  3:56  Banshee, Cloaking Field  
  41  3:57  Factory Tech Lab  
  41  4:02  Marine x2  
  46  4:05  SCV x2  
  45  4:17  SCV x2  
  45  4:19  Siege Tank  
  50  4:25  Supply Depot  
  50  4:27  Marine x2  
  50  4:29  SCV x2  
  50  4:30  Command Center  
  54  4:39  Barracks  
  54  4:42  Barracks  
  54  4:46  Banshee  
  54  4:47  SCV x2  
  54  4:48  Supply Depot  
  59  4:54  Marine x2  
  59  4:59  SCV  
  62  5:01  Supply Depot  
  62  5:09  SCV, Engineering Bay  
  62  5:11  SCV  
  62  5:12  Engineering Bay  
  64  5:19  Marine x2  
  66  5:22  Refinery, SCV  
  66  5:23  Supply Depot  
  66  5:24  Refinery, SCV  
  66  5:27  Supply Depot  
  68  5:34  SCV, Factory Reactor, Barracks Tech Lab  
  69  5:42  SCV, Terran Infantry Weapons Level 1, Terran Infantry Armor Level 1  
  71  5:44  Orbital Command  
  71  5:45  Starport Reactor  
  71  5:48  Marine x2  
  71  5:49  Marauder  
  74  5:51  Stimpack  
  74  5:55  Marauder  
  77  5:57  SCV  
  77  5:59  SCV  
  77  6:03  Supply Depot  
  78  6:08  Marine  
  79  6:13  Barracks  
  79  6:15  Widow Mine x2  
  79  6:16  Barracks  
  79  6:18  SCV x2  
  85  6:20  SCV  
  85  6:23  Marine  
  85  6:24  Medivac  
  89  6:26  Marine, Medivac  
  89  6:29  Marauder  
  96  6:32  Marauder  
  96  6:36  SCV  
  96  6:37  SCV x2  
  99  6:44  Supply Depot  
  99  6:45  Widow Mine x2, Marine  
  99  6:46  Marine  
  105  6:48  SCV  
  105  6:49  SCV  
  105  6:50  Fusion Core  
  105  6:51  Armory  
  107  6:55  SCV  
  107  6:58  Missile Turret  
  107  7:00  SCV  
  60  7:01  SCV, Medivac  
  111  7:03  Marine  
  111  7:04  Medivac  
  111  7:05  Barracks Tech Lab, Marine  
  111  7:06  Barracks Reactor  
  118  7:10  Supply Depot  
  118  7:11  SCV  
  118  7:12  SCV  
  118  7:16  Combat Shield  
  118  7:17  Marine x2  
  118  7:21  SCV, Marine  
  116  7:23  SCV, Marine  
  116  7:28  SCV, Marauder  
  113  7:34  SCV, Bunker  
  113  7:35  Widow Mine x2, Marauder x2  
  113  7:36  SCV  
  123  7:45  Marine x3  
  123  7:48  Terran Infantry Weapons Level 2  
  123  7:50  SCV x3  
  129  7:53  Supply Depot  
  129  7:54  Concussive Shells  
  129  7:57  Marine  
  129  7:58  Marauder  
  132  8:01  Widow Mine  
  133  8:11  Marine  
  132  8:13  SCV  
  132  8:15  Widow Mine, SCV, Marauder, Marine x3  
  132  8:17  Supply Depot  
  132  8:19  Supply Depot  
  141  8:25  Supply Depot x2  
  141  8:32  SCV, Marine  
  141  8:38  SCV, Marauder x2, Marine, Command Center, Medivac  
  141  8:41  Widow Mine x2, Marauder  
  150  8:51  Marine  
  142  8:55  Medivac  
  142  9:00  Marauder, Marine  
  142  9:01  Marauder  
  142  9:02  Widow Mine, Marauder  
  153  9:05  Widow Mine  
  153  9:08  Marine, Medivac  
  153  9:09  Marine, Ghost Academy  
  159  9:14  Supply Depot  
  159  9:17  Marine  
  159  9:19  Marine  
  159  9:21  Marauder  
  159  9:22  Marauder  
  159  9:24  Widow Mine, Marauder  
  165  9:26  Marine  
  165  9:29  Barracks  
  165  9:30  Barracks x2  
  166  9:34  Terran Infantry Armor Level 2  
  166  9:36  Marine x2  
  166  9:37  Marine  
  169  9:39  Widow Mine  
  169  9:43  Marauder  
  169  9:45  Widow Mine  
  175  9:47  Marine  
  175  9:50  Sensor Tower  
  176  9:52  Ghost  
  176  9:53  Ghost  
  176  9:54  Marine x2  
  176  9:55  Marine  
  183  10:00  Widow Mine  
  183  10:06  Widow Mine  
  187  10:12  Ghost, Marine x2  
  191  10:18  Refinery  
  191  10:22  Marine x3  
  191  10:23  Marauder  
  194  10:29  Widow Mine  
  194  10:30  Widow Mine  
  194  10:32  Barracks Reactor, Barracks Tech Lab x2  
  189  10:47  Marine  
  189  10:48  Marauder, Marine x2  
  189  10:49  Marine  
  185  11:03  Marauder, Marine x2  
  162  11:04  Widow Mine x2  
  162  11:11  Marauder, Marine x2  
  148  11:15  Marine  
  148  11:16  Marauder, Marine  
  139  11:26  Widow Mine x2  
Show
View Real Time Build Order
Export as new Build Order

HAS Protoss 

Build Orders: 1 Gate Expand, Double Forge, Blink Stalkers 

Get SALT Encoding   

  12  0:00  Probe  
  13  0:12  Probe  
  14  0:16  Pylon  
  14  0:24  Probe (Chrono Boost)  
  16  0:35  Gateway  
  16  0:36  Probe (Chrono Boost)  
  16  0:41  Probe (Chrono Boost)  
  16  0:45  Assimilator  
  17  0:52  Probe  
  19  1:04  Probe  
  19  1:16  Probe  
  20  1:24  Nexus  
  20  1:32  Cybernetics Core  
  20  1:35  Probe  
  20  1:39  Assimilator  
  21  1:47  Probe  
  21  1:49  Pylon  
  22  1:59  Probe  
  23  2:05  Adept (Chrono Boost)  
  25  2:08  Warp Gate  
  25  2:11  Probe  
  26  2:20  Twilight Council  
  26  2:23  Probe  
  27  2:30  Stalker  
  27  2:35  Probe (Chrono Boost)  
  27  2:36  Probe (Chrono Boost)  
  32  2:45  Probe x2 (Chrono Boost)  
  32  2:50  Probe x2 (Chrono Boost)  
  35  3:02  Probe x2  
  36  3:10  Blink  
  36  3:14  Probe x2  
  36  3:19  Gateway  
  38  3:20  Stalker  
  38  3:26  Probe  
  38  3:27  Probe  
  42  3:38  Probe  
  42  3:39  Probe  
  42  3:41  Pylon  
  44  3:50  Probe  
  44  3:51  Probe  
  44  3:52  Nexus  
  46  4:02  Probe  
  47  4:03  Probe  
  47  4:06  Forge  
  47  4:07  Forge  
  48  4:14  Probe  
  48  4:15  Probe  
  50  4:18  Pylon  
  50  4:20  Robotics Facility  
  50  4:21  Shield Battery  
  48  4:26  Shield Battery  
  48  4:30  Stalker, Sentry  
  53  4:31  Probe x2  
  53  4:34  Pylon  
  53  4:36  Protoss Ground Weapons Level 1 (Chrono Boost)  
  53  4:38  Protoss Ground Armor Level 1 (Chrono Boost)  
  54  4:43  Probe  
  55  4:45  Probe  
  56  4:55  Stalker x2  
  56  4:57  Probe  
  56  4:59  Shield Battery  
  61  5:01  Charge  
  61  5:02  Gateway  
  61  5:03  Probe  
  62  5:09  Probe  
  62  5:12  Probe  
  63  5:16  Probe  
  62  5:21  Probe  
  62  5:22  Observer (Chrono Boost)  
  65  5:30  Probe  
  65  5:31  Gateway  
  65  5:34  Probe  
  65  5:35  Gateway  
  67  5:36  Gateway x2  
  67  5:42  Probe  
  67  5:52  Probe  
  67  5:53  Probe  
  67  5:54  Zealot x2  
  73  5:57  Probe, Pylon  
  73  5:58  Nexus  
  73  6:02  Pylon  
  73  6:04  Probe, Observer (Chrono Boost)  
  76  6:15  Gateway  
  76  6:18  Gateway  
  76  6:20  Stalker x3  
  76  6:22  Probe x3  
  83  6:34  Zealot x3  
  83  6:35  Probe  
  83  6:37  Probe  
  88  6:41  Zealot  
  88  6:43  Probe  
  88  6:46  Warp Prism (Chrono Boost), Pylon  
  91  6:47  Probe, Zealot x2  
  91  6:48  Zealot  
  100  6:55  Protoss Ground Weapons Level 2 (Chrono Boost)  
  100  6:59  Probe  
  101  7:04  Probe x2  
  103  7:12  Zealot, Pylon x2  
  103  7:13  Zealot x4  
  113  7:24  Probe  
  113  7:28  Probe  
  115  7:30  Protoss Ground Armor Level 2 (Chrono Boost)  
  115  7:31  Probe x2  
  117  7:40  Probe  
  117  7:42  Probe, Pylon  
  117  7:43  Probe, Pylon  
  120  7:45  Probe  
  120  7:47  Zealot x6  
  120  7:48  Zealot  
  135  7:52  Probe  
  135  7:54  Zealot x2  
  135  7:58  Probe  
  139  8:05  Probe x2  
  139  8:11  Probe  
  136  8:18  Probe  
  136  8:19  Zealot x4  
  139  8:20  Zealot x2  
  139  8:21  Pylon  
  139  8:22  Pylon  
  143  8:29  Probe x3  
  143  8:31  Observer (Chrono Boost)  
  145  8:34  Stalker x2  
  145  8:35  Stalker  
  145  8:39  Stalker  
  145  8:40  Stalker x3  
  147  8:56  Probe  
  147  8:57  Probe x2  
  147  8:58  Nexus  
  137  9:02  Probe  
  137  9:06  Observer (Chrono Boost)  
  137  9:08  Probe  
  137  9:09  Probe  
  136  9:12  Stalker x2  
  136  9:15  Probe  
  136  9:16  Probe  
  142  9:18  Zealot x4  
  142  9:19  Zealot x3  
  142  9:23  Probe x2  
  152  9:29  Probe  
  153  9:32  Pylon  
  153  9:37  Probe  
  154  9:40  Stalker x3  
  154  9:45  Probe x2  
  157  9:50  Gateway  
  157  9:53  Gateway  
  157  9:55  Probe x2  
  157  9:56  Gateway x2  
  157  9:58  Photon Cannon  
  157  9:59  Nexus  
  159  10:00  Pylon x2  
  159  10:01  Probe x2  
  159  10:02  Zealot x3  
  161  10:07  Probe, Zealot x2  
  161  10:08  Zealot x4  
  171  10:21  Observer (Chrono Boost)  
  172  10:23  Stalker x3  
  177  10:40  Stalker x2  
  171  10:43  Probe x3  
  171  10:45  Probe  
  163  10:50  Zealot x9  
  163  10:55  Probe  
  137  11:05  Zealot x4  
  137  11:07  Probe  
  108  11:15  Zealot x8  
  108  11:16  Zealot  
  110  11:22  Probe x2  
  99  11:31  Probe  
Tags
 
Add a new tag
Caveats
  • Supply blocks, unpowered buildings, or Contaminate may cause inaccurate times.
  • Supply counts are checked every 10 seconds.